[Event "Late-Titled-Tuesday-Blitz-May-28-2024"]
[Site "Chess.com"]
[Date "2024.05.28"]
[Round "8"]
[White "Bilan_Danila"]
[Black "jcmesafischer"]
[Result "1-0"]
[WhiteElo "2568"]
[BlackElo "2369"]
[TimeControl "180+1"]
[EndTime "15:28:47 PDT"]
[Termination "Bilan_Danila won by resignation"]

1. d4 Nf6 2. Nf3 d5 3. c4 e6 4.
Nc3 Be7 5. Bg5 Nbd7 6. e3 O-O 7. Bd3 c6 8. O-O dxc4 9. Bxc4 b5 10. Bb3 a6 11.
Ne5 Nxe5 12. dxe5 Nd7 13. Bxe7 Qxe7 14. f4 c5 15. Ne4 Bb7 16. Nd6 Bc6 17. Rc1 f6 18.
Nf5 Qe8 19. Qd6 c4 20. Qxc6 exf5 21. e6 Nc5 22. Qxc5 cxb3 23. Qd5 bxa2 24. Qxa2 Qe7 25.
Rc6 a5 26. Rfc1 Ra7 27. Qd5 g6 28. Rd6 Kg7 29. Rd7 Rxd7 30. Qxd7 Qxd7 31. exd7 Rd8 32.
Rc7 Kf7 33. Ra7 a4 34. Rb7 Ke7 35. Rxb5 Rxd7 36. Rb4 Rd2 37. Rxa4 Rxb2 38. Ra7+ Ke6 39. Rxh7 Re2 40. Rh8 Rxe3 41. Re8+ Kf7 42. Rxe3 1-0

[Event "Late-Titled-Tuesday-Blitz-May-28-2024"]
[Site "Chess.com"]
[Date "2024.05.28"]
[Round "8"]
[White "norwaytoadog"]
[Black "robertoalejandro10"]
[Result "0-1"]
[WhiteElo "2312"]
[BlackElo "2481"]
[TimeControl "180+1"]
[EndTime "15:28:48 PDT"]
[Termination "robertoalejandro10 won on time"]

1. e4 c5 2. Nf3 g6 3. c3 d5 4. e5 d4 5. Bc4 Bg7 6. h3 Nc6 7. Qe2 Nh6 8. d3 O-O 9. Bf4 Kh8 10.
Nbd2 Na5 11. O-O Nxc4 12. Nxc4 b5 13. Ncd2 Bb7 14. cxd4 cxd4 15. Ne4 f6 16. Bh2 Nf7 17. Nc5 Bxf3 18. Qxf3 Nxe5 19. Bxe5 fxe5 20. Qg3 Qd5 21. Ne4 Rac8 22. Rac1 Qxa2 23. Qh4 Qf7 24. Ng5 Qg8 25. Qg4 Rxc1 26. Rxc1 h6 27. Ne6 Rf6 28. Nxg7 Kxg7 29. Rc7 Qf7 30. f3 a6 31. Qc8 Re6 32. Qd8 Kf6 33. Qb8 Kg5 34. Rc8 Qf4 35. Rf8 Rf6 36. Rxf6 Qxf6 37. Qc7 h5 38. Qd8 Kf5 0-1

[Event "Late-Titled-Tuesday-Blitz-May-28-2024"]
[Site "Chess.com"]
[Date "2024.05.28"]
[Round "8"]
[White "Iball95"]
[Black "karinachess1"]
[Result "0-1"]
[WhiteElo "2838"]
[BlackElo "2652"]
[TimeControl "180+1"]
[EndTime "15:28:49 PDT"]
[Termination "karinachess1 won on time"]

1. e4 e5 2. Nf3 Nc6 3. Nc3 Nf6 4. Bb5 Bd6 5. a3 O-O 6. d3 a6 7. Bc4 Be7 8. h3 d6 9. Nd5 Nxd5 10. Bxd5 Be6 11.
c4 Bxd5 12. cxd5 Nb8 13. g4 c6 14. dxc6 Nxc6 15. O-O d5 16. Be3 Qd7 17. Kg2 Rad8 18.
Qb3 b5 19. Rac1 d4 20. Bd2 Bd6 21. Qa2 Ne7 22. a4 Rc8 23. Rfd1 Ng6 24. axb5 axb5 25.
Qd5 Kh8 26. Rxc8 Rxc8 27. Rc1 Rxc1 28. Bxc1 h6 29. Bd2 f6 30. Kg3 Ne7 31. Qf7 Qd8 32.
Nh4 Qg8 33. Qxg8+ Kxg8 34. Kf3 Kf7 35. Ke2 Ke6 36. Ba5 Kd7 37. Kd1 Bc7 38. Bb4 Bd6 39. Bxd6 Kxd6 40. Kc2 Kc6 41. Kb3 Kc5 42. Ka3 g5 43. b4+ Kc6 44. Nf3 Ng6 45. Kb3 Nf4 46. Kc2 Nxh3 47. Nxe5+ fxe5 0-1

[Event "Late-Titled-Tuesday-Blitz-May-28-2024"]
[Site "Chess.com"]
[Date "2024.05.28"]
[Round "8"]
[White "rikchessmx"]
[Black "djjohnnywoo"]
[Result "1-0"]
[WhiteElo "2328"]
[BlackElo "2123"]
[TimeControl "180+1"]
[EndTime "15:28:49 PDT"]
[Termination "rikchessmx won on time"]

1. e4 g6 2. d4 Bg7 3. Nc3 d6 4. f3 Nd7 5. Be3 a6 6. Qd2 b5 7. h4 h5 8. Nh3 Bb7 9. Ng5 Ngf6 10. a4 b4 11. Ne2 a5 12. Nf4 e5 13. Nfe6 fxe6 14. Nxe6 Qe7 15. Nxc7+ Kf8 16. Nxa8 Bxa8 17. Bb5 Kg8 18. c3 bxc3 19. bxc3 Kh7 20. O-O Rc8 21. Rfd1 Nf8 22. d5 N8d7 23. c4 Nc5 24. Bxc5 Rxc5 25.
Qxa5 Bb7 26. Qb6 Bh6 27. Ra3 Bc8 28. a5 Nxe4 29. fxe4 Qxh4 30. Qxd6 Bg4 31. Rf1 Bf4 32.
Rxf4 exf4 33. g3 fxg3 34. Qxg3 Qg5 35. a6 Qc1+ 36. Kh2 Rc8 37. Ra2 Rf8 38. Rf2 Rxf2+ 39.
Qxf2 Qd1 40. a7 Kh6 41. a8=Q Bf3 42. Qh8+ Kg5 43. Qe5+ Kh6 44. Qf4+ g5 45. Q4xf3 1-0

[Event "Late-Titled-Tuesday-Blitz-May-28-2024"]
[Site "Chess.com"]
[Date "2024.05.28"]
[Round "8"]
[White "ImportedItalianMaple"]
[Black "nocnypako"]
[Result "0-1"]
[WhiteElo "2532"]
[BlackElo "2696"]
[TimeControl "180+1"]
[EndTime "15:28:50 PDT"]
[Termination "nocnypako won on time"]

1. e4 e6 2. d4 d5 3. Nd2 Nf6 4. e5 Nfd7 5. Bd3 c5 6. c3 b6 7. Ne2 Ba6 8. Bxa6 Nxa6 9. h4 Be7 10.
h5 h6 11. Nf3 Qc7 12. Rh3 Rc8 13. Rg3 Bf8 14. Qd3 Qb7 15. a3 b5 16. b4 cxb4 17.
axb4 Bxb4 18. Rxg7 Bf8 19. Rg4 Rc6 20. Kf1 b4 21. cxb4 Nxb4 22. Qb3 Qb5 23. g3 a5 24. Ba3 Rc2 25. Re1 Qc4 26. Qxc4 dxc4 27. Bxb4 axb4 28. Ra1 Be7 29. Ra8+ Bd8 30. d5 b3 31. Ra7 b2 32.
Rb7 Rc1+ 33. Nxc1 bxc1=Q+ 34. Kg2 exd5 35. Nd4 Qd1 36. Rf4 Nxe5 37. Nf5 Bg5 38. Nd6+ Kd8 39.
Nxf7+ Nxf7 40. Rfxf7 Qd3 41. Rfd7+ Ke8 42. Rdc7 Qe4+ 43.
f3 Qe2+ 44. Kh3 Qxf3 45. Rb8+ Bd8 46. Rcc8 Kd7 0-1

[Event "Late-Titled-Tuesday-Blitz-May-28-2024"]
[Site "Chess.com"]
[Date "2024.05.28"]
[Round "8"]
[White "lamomiablanca"]
[Black "colegiodemadrid"]
[Result "0-1"]
[WhiteElo "2621"]
[BlackElo "2526"]
[TimeControl "180+1"]
[EndTime "15:28:50 PDT"]
[Termination "colegiodemadrid won on time"]

1. e4 c5 2. Nf3 e6 3. d4 cxd4 4. Nxd4 Nf6 5. Nc3 d6 6. Be3 a6 7. Qd2 b5 8. f3 Bb7 9. O-O-O h5 10. Kb1 Nbd7 11. Bd3 Rc8 12. Rhe1 Be7 13. h3 h4 14. f4 Rxc3 15. Qxc3 Nxe4 16. Bxe4 Bxe4 17. Bf2 d5 18. Nxe6 fxe6 19. Rxe4 dxe4 20. Qxg7 Bf6 21. Qg6+ Ke7 22. Qxe4 Qc7 23. c3 Kf7 24. f5 Nf8 25. Re1 Qd7 26. fxe6+ Nxe6 27. Qf5 Nf8 28. Qf3 Qd6 29.
Bd4 Nd7 30. Rf1 Rh6 31. Qe3 Rg6 32. Qe4 Qe6 33. Qxh4 Kg7 34. Re1 Qf5+ 35. Ka1 Ne5 36. a4 Bxh4 37. Rxe5 Qxe5 38. Bxe5+ Bf6 39. Bf4 Rxg2 40.
axb5 axb5 41. h4 Rf2 42. Bd6 Bxh4 0-1

[Event "Late-Titled-Tuesday-Blitz-May-28-2024"]
[Site "Chess.com"]
[Date "2024.05.28"]
[Round "8"]
[White "betta2004"]
[Black "janhelmer03"]
[Result "1/2-1/2"]
[WhiteElo "2552"]
[BlackElo "2394"]
[TimeControl "180+1"]
[EndTime "15:28:51 PDT"]
[Termination "Game drawn by repetition"]

1. c4 e6 2. Nc3 d5 3. e3 Nf6 4. Nf3 c6 5. Be2 Nbd7 6. b3 Bd6 7. Bb2 O-O 8. O-O e5 9. h3 e4 10.
Nd4 Ne5 11. cxd5 cxd5 12. d3 exd3 13. Bxd3 Nxd3 14. Qxd3 Bb8 15. Rfd1 Qd6 16. Nf3 Be6 17. Nb5 Qb6 18. Nbd4 a6 19. Rac1 Ne4 20. Nd2 Qd6 21. N4f3 Nxf2 22. Kxf2 Qg3+ 23. Kg1 Bxh3 24. Qe2 Re8 25. Nf1 Qg6 26. Rxd5 Bg4 27. Qf2 Qh6 28. Ne5 Be6 29. Rdd1 f6 30. Nd7 Ba7 31. Bd4 Bxd7 32. Bxa7 Bg4 33. Bd4 Bxd1 34. Rxd1 Rad8 35. Rc1 Rd5 36. Rc7 Rh5 37. Ng3 Rg5 38. Nf5 Qh5 39. Ne7+ Kh8 40. Rxb7 Qd1+ 41. Kh2 Rh5+ 42. Kg3 Rg5+ 43.
Kh2 Rh5+ 44. Kg3 Rg5+ 45. Kh2 1/2-1/2

[Event "Late-Titled-Tuesday-Blitz-May-28-2024"]
[Site "Chess.com"]
[Date "2024.05.28"]
[Round "8"]
[White "Dexter_Dyke"]
[Black "DucksParadise"]
[Result "0-1"]
[WhiteElo "2445"]
[BlackElo "2564"]
[TimeControl "180+1"]
[EndTime "15:28:53 PDT"]
[Termination "DucksParadise won on time"]

1. e4 e5 2. f4 d5 3. exd5 exf4 4. Nf3 Nf6 5. c4 c6 6. d4 cxd5 7. Bxf4 Bb4+ 8. Nc3 O-O 9. Be2 dxc4 10. O-O Be6 11. Bg5 h6 12. Bh4 Nbd7 13. d5 Bg4 14.
Ne4 Qb6+ 15. Bf2 Nxe4 16. Bxb6 axb6 17. Nd4 Bxe2 18. Qxe2 Rae8 19. Qxc4 Bc5 20. b4 Ne5 21. Qc2 Bxd4+ 22. Kh1 f5 23. Rad1 Be3 24. Rxf5 Nf2+ 25. Rxf2 Rxf2 26. Qe4 Ref8 27. h4 Rf1+ 28. Rxf1 Rxf1+ 29. Kh2 Bf4+ 30. g3 Rf2+ 31. Kg1 Bxg3 32. Qxe5 Bxe5 33.
Kxf2 Kf7 34. Kf3 Ke7 35. Ke4 Bf6 36. h5 Kd6 37. a3 b5 38. Kf5 Kxd5 39. Kg6 Kc4 40.
Kf7 Kb3 41. Ke6 Kxa3 0-1

[Event "Late-Titled-Tuesday-Blitz-May-28-2024"]
[Site "Chess.com"]
[Date "2024.05.28"]
[Round "8"]
[White "subham777"]
[Black "topce"]
[Result "1/2-1/2"]
[WhiteElo "2554"]
[BlackElo "2402"]
[TimeControl "180+1"]
[EndTime "15:28:54 PDT"]
[Termination "Game drawn by repetition"]

1. e4 c5 2. Nf3 Nc6 3. Bb5 g5 4. h3 h6 5. O-O Bg7 6. c3 Nf6 7.
Re1 O-O 8. d4 cxd4 9. cxd4 d5 10.
exd5 Nxd5 11. Nc3 g4 12. hxg4 Bxg4 13. Bc4 Nb6 14. Bb3 Nxd4 15. Be3 e5 16. Bxd4 exd4 17.
Ne4 Kh8 18. Ng3 Qf6 19. Qd3 Bxf3 20. gxf3 Rae8 21. Rad1 Rxe1+ 22. Rxe1 Nd7 23. Qb5 Ne5 24. Bd5 Nxf3+ 25. Bxf3 Qxf3 26. Qf5 Qxf5 27. Nxf5 Rd8 28. Kf1 Rd5 29. Ne7 Rc5 30. Re2 Rc1+ 31. Kg2 Rc5 32. f4 d3 33. Re3 Bf6 34. Rxd3 Bxe7 35. Rd7 Bf6 36. Rxf7 Rc2+ 37. Kf3 Bg7 38. Rxb7 Rxb2 39. Rxa7 Kh7 40. a4 Ra2 41. f5 h5 42. Kf4 Kh6 43. Ra6+ Kh7 44. Kg5 Rh2 45. Ra7 Kh8 46. Kg6 Rg2+ 47.
Kxh5 Rf2 48. Kg4 Rg2+ 49. Kf3 Rf2+ 50. Ke4 Re2+ 51. Kd3 Rf2 52. Ke4 Re2+ 53. Kf3 Rf2+ 54. Ke4 1/2-1/2

[Event "Late-Titled-Tuesday-Blitz-May-28-2024"]
[Site "Chess.com"]
[Date "2024.05.28"]
[Round "8"]
[White "ManMish2"]
[Black "SaiHanThiha"]
[Result "1/2-1/2"]
[WhiteElo "2665"]
[BlackElo "2531"]
[TimeControl "180+1"]
[EndTime "15:28:55 PDT"]
[Termination "Game drawn by repetition"]

1. e4 c6 2. d4 d5 3. Nc3 dxe4 4. Nxe4 Nf6 5. Nxf6+ exf6 6. c3 Bd6 7. Bd3 O-O 8. Qc2 Re8+ 9. Ne2 h5 10. O-O h4 11. h3 Nd7 12. Bd2 Nf8 13. Rae1 Bc7 14. c4 Be6 15. f4 b5 16. b3 Bb6 17. c5 Bc7 18. f5 Bd5 19. Bf4 Nh7 20. Qd2 a5 21. Bxc7 Qxc7 22. Nf4 Qd7 23. Qf2 a4 24. b4 a3 25. Kh2 Ng5 26. Bb1 Bc4 27. Rg1 Rxe1 28.
Rxe1 Re8 29. Rxe8+ Qxe8 30. Qxh4 Qe3 31. Qg3 Qxd4 32. h4 Ne4 33. Bxe4 Qxe4 34. Nh5 Qe5 35. Nf4 Bxa2 36. h5 Kh7 37. h6 gxh6 38. Kh1 Bb1 39. Qb3 Qxf4 40. Qxf7+ Kh8 41. Qf8+ Kh7 42. Qf7+ Kh8 43. Qf8+ Kh7 44. Qf7+ 1/2-1/2

[Event "Late-Titled-Tuesday-Blitz-May-28-2024"]
[Site "Chess.com"]
[Date "2024.05.28"]
[Round "8"]
[White "northridgehawk"]
[Black "Mariia89"]
[Result "0-1"]
[WhiteElo "2341"]
[BlackElo "2230"]
[TimeControl "180+1"]
[EndTime "15:28:55 PDT"]
[Termination "Mariia89 won by checkmate"]

1. e4 c6 2. d4 d5 3. Nc3 dxe4 4. Nxe4 Nf6 5. Ng3 h5 6. Nf3 h4 7. Ne2 h3 8. g3 Bg4 9. Nfg1 Qd5 10. f3 Bxf3 11. Nxf3 Qxf3 12. Rg1 Ne4 13. Qd3 Qf2+ 14. Kd1 f5 15. Be3 Qxh2 16. b3 Nd7 17. c3 O-O-O 18.
Kc2 Ne5 19. Qd1 Nf3 20. Qe1 Nxg1 21. Bxg1 Qh1 22. Be3 Qf3 23. Bf4 h2 24. Rd1 h1=Q 25.
Kb2 Rh2 26. Kb1 Rxe2 27. Bxe2 Qxe1 28. Bxf3 Qxc3 29. Be2 Rxd4 30. Rc1 Qa5 31. Bc4 Nc3+ 32. Kb2 Nd1+ 33. Kb1 Qa3 34. Be6+ Kd8 35. Rc2 g5 36.
Bxg5 Bg7 37. Bc1 Qa5 38. Bc4 Rd6 39. a3 Nc3+ 40. Ka1 Nb5+ 41. Ka2 Nd4 42. Rh2 b5 43. Bf7 Qc3 44. Bb2 Qd3 45. Rh7 Bf6 46. Rh2 Ne2 47. Bxf6 Rxf6 48. Kb2 Qc3+ 49. Kb1 Qc1+ 50. Ka2 Qd2+ 51.
Ka1 Qc1+ 52. Ka2 Nc3# 0-1

[Event "Late-Titled-Tuesday-Blitz-May-28-2024"]
[Site "Chess.com"]
[Date "2024.05.28"]
[Round "8"]
[White "DonJuanEGenaro"]
[Black "chess_sharparchitect"]
[Result "0-1"]
[WhiteElo "2043"]
[BlackElo "2342"]
[TimeControl "180+1"]
[EndTime "15:28:55 PDT"]
[Termination "chess_sharparchitect won on time"]

1. d4 Nf6 2. Nf3 d5 3. c4 e6 4. Nc3 c6 5. g3 Nbd7 6. Bg2 Bb4 7. O-O O-O 8. Qc2 c5 9. cxd5 Bxc3 10. Qxc3 Nxd5 11.
Qc2 Qb6 12. dxc5 Nxc5 13. Ng5 g6 14. Bxd5 exd5 15. Be3 d4 16. Bxd4 Qd8 17. Qxc5 Bf5 18. Nf3 Rc8 19. Qb4 b6 20. Bc3 a5 21. Qf4 Rc5 22. e4 Rc4 23. Qh6 Rxc3 24. exf5 Rxf3 25. fxg6 fxg6 26. Rad1 Qf6 27. Rd7 Rf7 28. Rd8+ Qxd8 29. Qc1 Qd4 30. Qe1 Kg7 31. Kg2 Qxb2 32. Kg1 Qd4 33. Qe2 R3f5 34. Kg2 h6 35. h3 Kh7 36. f4 Rd5 37. Rf2 Rdd7 38. Qe6 Qd5+ 39. Qxd5 Rxd5 40. g4 Rfd7 41. Kg3 Rd3+ 42. Kh4 Re3 0-1

[Event "Late-Titled-Tuesday-Blitz-May-28-2024"]
[Site "Chess.com"]
[Date "2024.05.28"]
[Round "8"]
[White "Msb2"]
[Black "rezamahdavi2008"]
[Result "1-0"]
[WhiteElo "3047"]
[BlackElo "2994"]
[TimeControl "180+1"]
[EndTime "15:28:56 PDT"]
[Termination "Msb2 won by checkmate"]

1. d4 Nf6 2. c4 e6 3. Nc3 Bb4 4. e3 O-O 5. Bd2 b6 6. Nf3 Bb7 7. Bd3 d6 8. O-O Bxc3 9. Bxc3 Ne4 10. Be1 Nd7 11. Kh1 f5 12. Ng1 c5 13. f3 Ng5 14.
Bc3 Qe8 15. b4 Qg6 16. Rb1 Rad8 17. bxc5 dxc5 18. Qe2 Qh6 19. Rbd1 Nf6 20. Bc2 Ba6 21. dxc5 bxc5 22. Rxd8 Rxd8 23. Rd1 Rf8 24. Rd6 Nh5 25. Be1 Bb7 26. Rd7 Rf7 27. Rd8+ Rf8 28. Rxf8+ Kxf8 29. Qd2 Nf7 30. Ba4 Qg5 31. Qa5 Qxe3 32. Bd2 Qf2 33. Be1 Qe3 34. Bd2 Qf2 35. Bc1 g6 36. Qxa7 Qxa2 37. Qxc5+ Kg8 38. Bb5 Qb1 39. Ba3 Kg7 40. Qf8+ Kf6 41. Be7+ Ke5 42. Qxf7 Kf4 43. Bh4 Bxf3 44. gxf3 Ke3 45. Qxe6+ Kd4 46. Bf6+ Kd3 47. Qe2# 1-0

[Event "Late-Titled-Tuesday-Blitz-May-28-2024"]
[Site "Chess.com"]
[Date "2024.05.28"]
[Round "8"]
[White "rdarruda"]
[Black "stollenmonster"]
[Result "0-1"]
[WhiteElo "2555"]
[BlackElo "2837"]
[TimeControl "180+1"]
[EndTime "15:28:56 PDT"]
[Termination "stollenmonster won on time"]

1. Nf3 Nf6 2. d4 e6 3. c4 d5 4.
e3 Be7 5. Nc3 Ne4 6. Bd3 f5 7. O-O c6 8. Ne5 O-O 9. f3 Nxc3 10. bxc3 Nd7 11. Nxd7 Bxd7 12. e4 fxe4 13. fxe4 Rxf1+ 14. Qxf1 Bg5 15. cxd5 cxd5 16. exd5 exd5 17. Qf3 Be8 18. c4 Bxc1 19. Rxc1 Rc8 20. Rf1 Bc6 21. Qf7+ Kh8 22. Qh5 Qg8 23. cxd5 Bd7 24. Qf7 Rd8 25. Qxg8+ Kxg8 26. Rc1 Kf8 27. Bxh7 Ke7 28. Be4 Kd6 29.
Rf1 Re8 30. Bf3 Re3 31. Rb1 b6 32. Kf2 Ra3 33. Rb2 Rc3 34. Rd2 b5 35. Be4 a5 36.
Rc2 Ra3 37. h4 b4 38. Rb2 Rc3 39. Ke2 Bb5+ 40. Kd2 Rg3 41. Bf3 Bc4 42. Ke3 Bxd5 43. Kf4 Rg6 0-1

[Event "Late-Titled-Tuesday-Blitz-May-28-2024"]
[Site "Chess.com"]
[Date "2024.05.28"]
[Round "8"]
[White "Caterpiller35"]
[Black "MikeSailer"]
[Result "1-0"]
[WhiteElo "2470"]
[BlackElo "2155"]
[TimeControl "180+1"]
[EndTime "15:28:57 PDT"]
[Termination "Caterpiller35 won on time"]

1. d4 d5 2. Bf4 Nf6 3. e3 g6 4.
Nc3 Bg7 5. h4 h6 6. Nb5 Na6 7. Nf3 c6 8. Nc3 Nc7 9. Ne5 Nd7 10. Qd2 Nxe5 11. dxe5 Ne6 12. Bh2 b6 13. O-O-O Bb7 14. f4 Qd7 15. h5 O-O-O 16. hxg6 fxg6 17. Bd3 Qe8 18. Qe2 h5 19. g4 Kb8 20. gxh5 Rxh5 21. Qg4 Qh8 22. Qxe6 Rxh2 23. Rxh2 Qxh2 24. Qxe7 Qh8 25. Bxg6 Rc8 26. a4 a5 27. Rg1 Bf8 28. Qf6 Qh2 29. Qg5 Bc5 30. Qg3 Qh6 31. Ne2 Rg8 32. Nd4 Bc8 33. Qg5 Qh2 34. Nxc6+ Ka8 35. Nd4 Bxd4 36. exd4 Qf2 37. Qg3 Qxd4 38. Kb1 Qxa4 39. Qd3 Qc6 40. f5 Ka7 41. Rd1 Ba6 42. Qxd5 Qa4 43. Qd7+ Bb7 44. Qxa4 1-0

[Event "Late-Titled-Tuesday-Blitz-May-28-2024"]
[Site "Chess.com"]
[Date "2024.05.28"]
[Round "8"]
[White "Lennis93"]
[Black "KirAk47"]
[Result "1/2-1/2"]
[WhiteElo "2767"]
[BlackElo "2597"]
[TimeControl "180+1"]
[EndTime "15:28:58 PDT"]
[Termination "Game drawn by repetition"]

1. Nf3 g6 2. e4 Bg7 3. d4 c6 4.
c4 d6 5. h3 Nf6 6. Nc3 c5 7.
d5 e6 8. Bd3 exd5 9. exd5 O-O 10. O-O Na6 11. Re1 Nc7 12. Bg5 h6 13. Bf4 a6 14. a4 b6 15. Qd2 Kh7 16. Re2 Re8 17.
Rae1 Rxe2 18. Rxe2 Rb8 19. b3 Bf8 20. g4 Bd7 21. Nh2 b5 22. Nf1 bxa4 23. bxa4 Nce8 24. Ng3 Qa5 25. Qc2 Rb4 26. Kg2 Bxa4 27. Qa2 Bg7 28. Bc2 Nxg4 29. hxg4 Bxc3 30. Rxe8 Rxc4 31. Bxd6 Bxe8 32.
Qxc4 Bd4 33. Qe2 Qd8 34. Qxa6 Be5 35. Bxe5 Qxd5+ 36. Ne4 Qxe5 37. Nf6+ Kg7 38. Nxe8+ Qxe8 39. Qd6 Qb5 40. Qe5+ Kg8 41. Be4 Qc4 42. Bd5 Qxg4+ 43. Kf1 Qd1+ 44. Kg2 Qg4+ 45. Kh1 Qh3+ 46. Kg1 Qg4+ 47.
Kh2 Qh4+ 48. Kg2 Qg4+ 1/2-1/2

[Event "Late-Titled-Tuesday-Blitz-May-28-2024"]
[Site "Chess.com"]
[Date "2024.05.28"]
[Round "8"]
[White "manitodeplomo"]
[Black "dozer80"]
[Result "0-1"]
[WhiteElo "2532"]
[BlackElo "2693"]
[TimeControl "180+1"]
[EndTime "15:28:59 PDT"]
[Termination "dozer80 won on time"]

1. d4 Nf6 2. c4 e6 3. Nf3 Bb4+ 4. Bd2 c5 5. Bxb4 cxb4 6. Qd3 O-O 7. Nbd2 a5 8. e4 d6 9. Be2 Nc6 10. O-O e5 11. h3 Nd7 12. Rfe1 Qf6 13. d5 Nc5 14. Qe3 Nb8 15. a3 Nba6 16. axb4 Nxb4 17. Rec1 Bd7 18.
Nb3 Nxb3 19. Qxb3 b6 20. Qe3 Rfb8 21. Bd1 Na6 22. Ba4 Bxa4 23. Rxa4 Nc5 24. Ra3 h6 25.
Rca1 Qd8 26. Nd2 b5 27. cxb5 Rxb5 28. Nc4 a4 29. Rc3 Nb3 30. Rd1 Rb4 31. Rdd3 Nd4 32. Rxd4 exd4 33. Qxd4 Rc8 34. Qd3 Rc5 35. e5 dxe5 36.
d6 Rc6 37. Qd5 Rc8 38. Nxe5 Rxc3 39. Qxf7+ Kh7 40. Qf5+ Kg8 41. Qf7+ Kh8 42. bxc3 Rb1+ 43. Kh2 Qxd6 44. Qf5 Re1 45. f4 Qf6 46. Qc8+ Kh7 0-1

[Event "Late-Titled-Tuesday-Blitz-May-28-2024"]
[Site "Chess.com"]
[Date "2024.05.28"]
[Round "8"]
[White "Abduzhaparov"]
[Black "nindjaxx8"]
[Result "1-0"]
[WhiteElo "2510"]
[BlackElo "2621"]
[TimeControl "180+1"]
[EndTime "15:29:00 PDT"]
[Termination "Abduzhaparov won by checkmate"]

1. Nf3 d5 2. c4 e6 3. g3 Nf6 4.
Bg2 Be7 5. d4 O-O 6. Qc2 b6 7.
O-O Bb7 8. Rd1 Nbd7 9. Bf4 Rc8 10. Nc3 a6 11. Ne5 Qe8 12. e4 dxe4 13. Nxe4 Nxe4 14. Bxe4 Bxe4 15. Qxe4 Nf6 16. Qc6 Bd6 17. Rac1 Qxc6 18. Nxc6 Bxf4 19. gxf4 Rfe8 20. d5 exd5 21. cxd5 Kf8 22.
Rc3 g6 23. Ra3 a5 24. Rc3 Re4 25. Ne5 Rxf4 26. d6 c5 27. Rb3 Rd8 28. Rxb6 Rf5 29. Nc4 Ne4 30. Nxa5 Nxf2 31. Rf1 Nh3+ 32. Kg2 Nf4+ 33. Kh1 Ne6 34. Rxf5 gxf5 35. Nb7 Rd7 36.
a4 Nd8 37. Nxc5 Ra7 38. Rb8 Ke8 39. a5 f6 40. a6 f4 41. Nb7 Rxa6 42. Rxd8+ Kf7 43.
Rd7+ Ke6 44. Nc5+ Kf5 45. Nxa6 f3 46. Re7 f2 47. Kg2 Kf4 48. Kxf2 Kg5 49. d7 Kf5 50.
d8=Q Kg5 51. Qg8+ Kf5 52. Qe6+ Kg5 53. Rg7+ Kh5 54. Qf5+ Kh6 55. Rxh7# 1-0

[Event "Late-Titled-Tuesday-Blitz-May-28-2024"]
[Site "Chess.com"]
[Date "2024.05.28"]
[Round "8"]
[White "NajdorfPlayerc5"]
[Black "SHIVACalypso"]
[Result "1-0"]
[WhiteElo "2457"]
[BlackElo "2535"]
[TimeControl "180+1"]
[EndTime "15:29:00 PDT"]
[Termination "NajdorfPlayerc5 won by checkmate"]

1. e4 c5 2. Nf3 d6 3. c3 g6 4. d4 Nd7 5. Bc4 Nb6 6. dxc5 Nxc4 7. Qa4+ Bd7 8. Qxc4 Rc8 9. Qd4 e5 10. Nxe5 Bg7 11.
Qxd6 Nf6 12. Nxd7 Nxd7 13. Be3 Rc6 14. Qd5 O-O 15. O-O Qc8 16. Na3 Nxc5 17. Bxc5 Rxc5 18. Qd3 Rd8 19. Qe2 Qc7 20. Rfd1 Re8 21. f3 h5 22. Rd3 h4 23. Rad1 h3 24. g3 Qe5 25.
Nc2 Kh7 26. Ne3 f5 27. Rd5 Rxd5 28. Rxd5 Qe6 29. Rd1 fxe4 30. f4 Qb6 31. Re1 Rd8 32. Qf1 Rd3 33. Qxh3+ Kg8 34. Qe6+ Kh8 35. Qxe4 Rd2 36.
Qe8+ Kh7 37. Qe4 Qxb2 38. h4 Rh2 39. Qf3 Rh3 40. Ng4 Bxc3 41. Re2 Bd4+ 42. Kg2 Qa1 43. Kxh3 Qg1 44. Re7+ Kg8 45. Qd5+ Kf8 46. Qd8# 1-0

[Event "Late-Titled-Tuesday-Blitz-May-28-2024"]
[Site "Chess.com"]
[Date "2024.05.28"]
[Round "8"]
[White "attack2mateU"]
[Black "Magicmaster17"]
[Result "1-0"]
[WhiteElo "2710"]
[BlackElo "2869"]
[TimeControl "180+1"]
[EndTime "15:29:01 PDT"]
[Termination "attack2mateU won on time"]

1. e4 e5 2. Nf3 Nc6 3. Bc4 Nf6 4.
d3 Be7 5. O-O O-O 6. Re1 d6 7. a4 h6 8. Nbd2 Re8 9. c3 Bf8 10.
b4 Be6 11. Bxe6 Rxe6 12. Qc2 d5 13. b5 Ne7 14. exd5 Nexd5 15. Rxe5 Rxe5 16. Nxe5 a6 17. Bb2 axb5 18. axb5 Rxa1+ 19. Bxa1 Qe8 20. c4 Nb4 21. Qc3 Nh5 22. g3 f6 23. Nef3 Qe2 24. c5 Nxd3 25. Qc4+ Kh7 26. Bd4 Qd1+ 27. Kg2 Nhf4+ 28. gxf4 Nxf4+ 29.
Kg3 Nh5+ 30. Kg4 g6 31. Be3 f5+ 32. Kh3 Bg7 33. Kg2 Qa1 34. Bd4 Nf4+ 35. Kg3 Nh5+ 36. Kh4 Qd1 37. Bxg7 Nxg7 38. Qf7 g5+ 39. Kg3 Qe2 40.
Kg2 g4 41. Qxc7 gxf3+ 42. Nxf3 Qe4 43. h3 Kg6 44. c6 Ne6 45. Qd6 bxc6 46. bxc6 Kh5 47.
c7 1-0

[Event "Late-Titled-Tuesday-Blitz-May-28-2024"]
[Site "Chess.com"]
[Date "2024.05.28"]
[Round "8"]
[White "neilbhav"]
[Black "JaackCamel"]
[Result "1-0"]
[WhiteElo "2402"]
[BlackElo "2234"]
[TimeControl "180+1"]
[EndTime "15:29:01 PDT"]
[Termination "neilbhav won on time"]

1. d4 d5 2. c4 e6 3. Nc3 c6 4. cxd5 exd5 5. Bf4 Bf5 6. e3 Nf6 7. Bd3 Bxd3 8. Qxd3 Be7 9. h3 O-O 10. Nf3 Nbd7 11. O-O a5 12. a3 Re8 13. Rfe1 h6 14.
Rad1 Nb6 15. Bh2 Nc4 16. Qc2 Nd6 17. Ne5 Nfe4 18. Na4 Bf6 19. Nc5 Nxc5 20. Qxc5 Bxe5 21. dxe5 Ne4 22. Qd4 Qc8 23. f3 Ng5 24. h4 Ne6 25.
Qc3 Qd8 26. Bg3 Qb6 27. Bf2 Qa6 28. g3 Qb5 29. Kg2 Qa6 30. g4 Rad8 31. f4 a4 32.
g5 Qb5 33. gxh6 gxh6 34. Rg1 Kh8 35. f5 Rg8+ 36. Kh2 Qe2 37. Qd2 Qxd2 38. Rxd2 Nc5 39.
Rd4 Ne4 40. Be1 b5 41. Ba5 Rd7 42. Rxg8+ Kxg8 43. Rd1 c5 44. Kg2 Kf8 45. Kf3 Ke7 46. Kf4 Nf2 47. Rd2 Ne4 48. Rg2 Rb7 49.
Rg8 b4 50. Bd8+ Kd7 51. Bf6 1-0

[Event "Late-Titled-Tuesday-Blitz-May-28-2024"]
[Site "Chess.com"]
[Date "2024.05.28"]
[Round "8"]
[White "RAU4ever"]
[Black "MeisterJabo"]
[Result "0-1"]
[WhiteElo "2366"]
[BlackElo "2494"]
[TimeControl "180+1"]
[EndTime "15:29:04 PDT"]
[Termination "MeisterJabo won by resignation"]

1. e4 e5 2. Nf3 Nf6 3. Nxe5 d6 4.
Nf3 Nxe4 5. Nc3 Nxc3 6. dxc3 Be7 7. Be3 Nd7 8. Qd2 Nf6 9. O-O-O O-O 10. h3 c5 11. g4 Be6 12. a3 Ne4 13. Qe1 d5 14. c4 d4 15. Nxd4 cxd4 16. Rxd4 Nd6 17. c5 Qc7 18.
cxd6 Bxd6 19. Bg2 Rfc8 20. Rd2 Be5 21. Rf1 Bc4 22. Rg1 Rd8 23. Be4 Rac8 24. Rxd8+ Rxd8 25. Qb4 b6 26. Rd1 Rxd1+ 27. Kxd1 Be6 28. f4 Bd6 29. Qa4 g6 30. f5 gxf5 31. gxf5 Bd7 32. Qd4 Be5 33. Qd5 Bxb2 34. Bh6 Bg7 35. Qa8+ Qc8 36. Bxg7 Qxa8 37. Bxa8 Kxg7 38. h4 Bxf5 39. c3 Kf6 40. Kd2 Ke5 41. Ke3 h6 42. Bf3 Be6 43.
Bh5 f5 44. Bf3 Bd5 45. Be2 f4+ 46. Kf2 Be4 47. Bc4 Kd6 48. Bg8 Ke5 49. Bf7 Kf5 50. Bg8 Kg4 0-1

[Event "Late-Titled-Tuesday-Blitz-May-28-2024"]
[Site "Chess.com"]
[Date "2024.05.28"]
[Round "8"]
[White "Iuckyducky"]
[Black "Juliana_Figueira"]
[Result "1-0"]
[WhiteElo "2243"]
[BlackElo "1967"]
[TimeControl "180+1"]
[EndTime "15:29:07 PDT"]
[Termination "Iuckyducky won by checkmate"]

1. e4 c5 2. c3 d5 3. exd5 Qxd5 4. d4 Nc6 5. Nf3 Nf6 6. Na3 cxd4 7. Bc4 Qd7 8. cxd4 e6 9. O-O Be7 10. Bf4 a6 11.
Ne5 Nxe5 12. dxe5 Nd5 13. Bg3 O-O 14. Qg4 b5 15. Bb3 Bb7 16. Rfd1 Qe8 17. h4 a5 18.
h5 Kh8 19. Rac1 a4 20. Bc2 Rc8 21. Qe4 g6 22. hxg6 fxg6 23. Qg4 Bc5 24. Bd3 Ba6 25. Bh4 Qf7 26. Qg3 Nf4 27. Bf6+ Kg8 28. Bxb5 Nh5 29. Qh4 Bxb5 30. Nxb5 Nxf6 31. exf6 Qxf6 32. Qxf6 Rxf6 33. Nd6 Rc6 34. Ne4 Rf5 35. Rd2 Kf7 36.
Rdc2 Rd5 37. Rxc5 Rdxc5 38. Rxc5 Rxc5 39. Nxc5 Kf6 40. Nxa4 Ke5 41. Nc3 Kd4 42. a4 Kc5 43. Kf1 Kb6 44. Ke2 Ka5 45. Kd3 Kb4 46. Ke4 e5 47. Kxe5 Ka5 48. Kf6 h5 49. Kxg6 h4 50. Kh5 Kb4 51. Kxh4 Ka5 52. g4 Kb4 53. g5 Ka5 54. g6 Kb4 55. g7 Ka5 56. g8=Q Kb4 57. Qb8+ Ka5 58. Qb5# 1-0